 Dungeon Crawl Stone Soup version 0.21.1-1-g345015f (webtiles) character file.

63 RyanMcBee the Cudgeler (level 3, -11/36 HPs)
             Began as a Troll Berserker on June 1, 2018.
             Was a Believer of Trog.
             Mangled by a gnoll
             ... wielding a +0 flail
              (13 damage)
             ... on level 2 of the Dungeon.
             The game lasted 00:17:42 (1090 turns).

RyanMcBee the Cudgeler (Troll Berserker)            Turns: 1090, Time: 00:17:43

Health: -11/36     AC: 12    Str: 26    XL:     3   Next: 87%
Magic:  2/2        EV: 10    Int:  3    God:    Trog [**....]
Gold:   49         SH:  0    Dex:  9    Spells: 2/2 levels left

rFire    . . .     SeeInvis .   i - +2 mace (protect)
rCold    . . .     Gourm    +   (no shield)
rNeg     . . .     Faith    .   b - +0 animal skin
rPois    .         Spirit   .   (helmet restricted)
rElec    .         Reflect  .   (no cloak)
rCorr    .         Harm     .   (gloves unavailable)
MR       .....                  (boots unavailable)
Stlth    +.........             (no amulet)
HPRegen  0.52/turn              (no ring)
MPRegen  0.08/turn              (no ring)

@: protection aura
A: large, unfitting armour, claws 3, fast metabolism 3, gourmand, regeneration
1, shaggy fur 1, tough skin 2
a: Berserk, Trog's Hand, Burn Spellbooks, Renounce Religion


You were on level 2 of the Dungeon.
You worshipped Trog.
Trog was pleased with you.
You were very hungry.

You visited 1 branch of the dungeon, and saw 2 of its levels.

You collected 49 gold pieces.

Inventory:

Hand Weapons
 i - a +2 mace of protection (weapon)
Armour
 b - a +0 animal skin (worn)
Jewellery
 e - an uncursed amulet of regeneration {unknown}
Scrolls
 f - 2 scrolls of teleportation {unknown}
 g - a scroll of magic mapping {unknown}
 h - a scroll of random uselessness {unknown}
 j - a scroll of noise {unknown}
 l - a scroll of identify {unknown}
 n - a scroll of blinking {unknown}
Potions
 d - a potion of haste {unknown}
 k - a potion of ambrosia {unknown}
 m - a potion of flight {unknown}
Comestibles
 c - 4 rations


   Skills:
 + Level 2.9 Fighting
 + Level 3.6 Maces & Flails
 + Level 2.8 Dodging


You had 2 spell levels left.
You didn't know any spells.

Dungeon Overview and Level Annotations

Branches:
Dungeon (2/15)

Altars:
Fedhas


Innate Abilities, Weirdness & Mutations

You are too large for most types of armour.
You have claws for hands.
Your metabolism is lightning-fast.
You like to eat raw meat.
Your natural rate of healing is unusually fast.
You are covered in fur. (AC +1)
You have very tough skin. (AC +2)


Message History

The gnoll hits you from afar with a halberd!
You closely miss the gnoll. The gnoll closely misses you. x2
You hit the gnoll but do no damage. The gnoll barely misses you.
The gnoll hits you from afar with a halberd.
* * * LOW HITPOINT WARNING * * *
You barely miss the gnoll. The gnoll hits you with a flail!
* * * LOW HITPOINT WARNING * * *
The gnoll closely misses you.
Okay, then.
Wield which item (- for none, * to show all)? (? for menu, Esc to quit)
Okay, then.
Okay, then.
Okay, then.
You don't know any spells.
Press: ? - help, v - describe, . - travel The floor, spattered with blood.
Press: ? - help, v - describe, . - travel The floor, spattered with blood.
You barely miss the gnoll. The gnoll hits you with a flail!
You die...

.# #.# #.# ### ).. ...
#.# #.# #.## #.#######
#########..###....>..#
....ggg†..PP.........#
.g.####@P.PP.........###
#.#PP_PP...........
#......P#......†###
#....P..#.......# #
......#.#.........# #
###...#.######>#### #
#...#.# #.# # #####.#
..# # #.# #.##


You could see 3 gnolls.

Vanquished Creatures
  A gnoll (D:2)
  An adder (D:2)
  4 dart slugs
  2 leopard geckos
  A giant cockroach (D:1)
  4 goblins
  3 hobgoblins (D:1)
  6 jackals
  2 kobolds (D:1)
  3 bats
  6 rats
  2 fungi (D:2)
35 creatures vanquished.

Notes
Turn   | Place    | Note
-------+----------+-------------------------------------------
     0 | D:1      | RyanMcBee the Troll Berserker began the quest for the Orb.
     0 | D:1      | Reached XP level 1. HP: 22/22 MP: 0/0
   165 | D:1      | Reached XP level 2. HP: 20/29 MP: 1/1
   287 | D:1      | Reached skill level 3 in Maces & Flails
   481 | D:1      | Reached XP level 3. HP: 36/36 MP: 2/2
   930 | D:2      | Reached ** piety under Trog
  1036 | D:2      | Found a blossoming altar of Fedhas.
  1090 | D:2      | Mangled by a gnoll

Skill      XL: |  1  2 |
---------------+-------+-----
Maces & Flails | 3 |  3.6
Fighting       | |  2.9
Dodging        | |  2.8

Action                   || total
-------------------------++-------
Melee: Mace              ||   106
  Use: Potion            ||     1
  Eat: Chunk             ||     6
Armor: Animal skin       ||    36
Dodge: Dodged            ||    57
